 Dungeon Crawl Stone Soup version 0.31-a0-182-gc5ef74bbde (webtiles) character file.

Game seed: 10807007330474512208

651 qw the Chopper (level 7, -1/44 HPs)
             Began as a Gargoyle Fighter on June 20, 2023.
             Slain by a hornet zombie (6 damage)
             ... in an ossuary.
             The game lasted 00:02:24 (4476 turns).

qw the Chopper (Gargoyle Fighter)                   Turns: 4476, Time: 00:02:24

Health: -1/44      AC: 19    Str: 22    XL:     7   Next: 53%
Magic:  7/7        EV:  6    Int:  8    God:
Gold:   184        SH:  4    Dex:  9    Spells: 6/6 levels left

rFire   + . .        Y - +1 war axe
rCold   . . .        c - +0 buckler
rNeg    + + .        a - +0 plate armour
rPois   inf          (no helmet)
rElec   +            (no cloak)
rCorr   .            i - +1 pair of gloves
SInv    .            o - +0 pair of boots
Will    .....        (no amulet) Stlth
                     e - ring of protection from fire
HPRegen 0.27/turn    b - ring of positive energy
MPRegen 0.10/turn

%: no passive effects
@: no status effects
A: sickness immunity, AC +4, negative energy resistance 1, electricity
resistance, torment resistance 1, petrification resistance
a: no special abilities


You were in an ossuary.
You visited 1 branch of the dungeon, and saw 5 of its levels.
You also visited: Ossuary.

You collected 184 gold pieces.


Innate Abilities, Weirdness & Mutations

You are immune to sickness and miasma.
Your stone body is resilient. (AC +4)
You are immune to poison.
You resist negative energy. (rN+)
You are resistant to electric shocks. (rElec)
You are resistant to unholy torment.
You are immune to petrification.


   Skills:
 - Level 4.6 Fighting
 + Level 6.7 Axes
 - Level 4.0 Armour
 - Level 3.2 Shields


You had 6 spell levels left.
You didn't know any spells.
Your spell library was empty.

Inventory:

Hand Weapons
 h - a +0 mace
 Y - a +1 war axe (weapon)
Armour
 a - a +0 plate armour (worn)
 c - a +0 buckler (worn)
 i - a +1 pair of gloves (worn)
 o - a +0 pair of boots (worn)
Jewellery
 b - a ring of positive energy (right hand)
 e - a ring of protection from fire (left hand)
Potions
 d - a potion of might
 f - a potion of enlightenment
 g - 2 potions of attraction
 j - a potion of magic {unknown}
 k - a potion of cancellation {unknown}
 l - a potion of curing {unknown}
 n - a potion of lignification
 r - a potion of invisibility {unknown}

Dungeon Overview and Level Annotations

Branches:
Dungeon (5/15)            Ossuary (1/1)
 Temple: D:4-7

Altars:
Makhleb
Trog
Vehumet

Annotations:
D:4 exclusion: 2 goblins


Message History

The centaur zombie kicks you but does no damage.
You slash the killer bee zombie!
The killer bee zombie is severely damaged.
You hit the centaur zombie. You slash the hornet zombie!
You hit the centaur zombie but do no damage.
The killer bee zombie hits you but does no damage.
The centaur zombie hits you but does no damage.
The centaur zombie barely misses you.
The centaur zombie hits you but does no damage.
You block the centaur zombie's attack. The hornet zombie hits you.
The killer bee zombie hits you but does no damage.
The centaur zombie barely misses you.
The centaur zombie kicks you but does no damage.
The centaur zombie hits you but does no damage.
The centaur zombie kicks you but does no damage.
You block the killer bee zombie's attack.
The hornet zombie hits you but does no damage.
You hit the killer bee zombie.
The killer bee zombie is almost destroyed.
You closely miss the hornet zombie. You hit the centaur zombie. x2
You feel yourself speed up.
The killer bee zombie barely misses you.
The centaur zombie hits you but does no damage.
The centaur zombie kicks you. The centaur zombie closely misses you.
The centaur zombie kicks you but does no damage.
The killer bee zombie hits you but does no damage.
You block the hornet zombie's attack.
The centaur zombie hits you but does no damage.
The centaur zombie kicks you but does no damage.
The centaur zombie barely misses you.
The centaur zombie kicks you but does no damage.
The hornet zombie hits you but does no damage.
You block the killer bee zombie's attack.
The centaur zombie hits you but does no damage.
The centaur zombie kicks you but does no damage.
The centaur zombie hits you but does no damage.
The centaur zombie kicks you but does no damage.
The killer bee zombie hits you but does no damage.
The hornet zombie hits you.
You die...

#~ ~~# #~# ##
~~# #~ ##~
#~###~#
~P~P#.~.~P# #
~~#.~~ZZZ~#~#
.~~~~.Z@~~~~+
##'##~##'##.#
# #...# #.\.#
#\..# #####


You could see a killer bee zombie, a hornet zombie and 2 centaur zombies.

Vanquished Creatures
  A black bear (D:4)
  A scorpion (D:5)
  A crimson imp (D:5)
  2 bullfrog zombies (Ossuary)
  A hound (D:4)
  5 mummies (Ossuary)
  2 orc priests
  Ijyb (D:4)
  Natasha (D:4)
  An orc wizard (D:5)
  3 adders
  A shadow imp (D:5)
  3 worms (D:2)
  5 dart slugs
  3 orcs
  3 ball pythons
  5 bats
  9 endoplasms
  6 giant cockroaches
  8 goblins
  16 hobgoblins
  6 jackals (D:1)
  8 kobolds
  2 quokkas
  2 frilled lizards
  5 rats
101 creatures vanquished.

Vanquished Creatures (collateral kills)
  An adder (D:2)
  A worm (D:2)
  A hobgoblin (D:2)
3 creatures vanquished.

Vanquished Creatures (others)
  An orc wizard (D:5)
1 creature vanquished.

Grand Total: 105 creatures vanquished

Notes
Turn   | Place    | Note
-------+----------+-------------------------------------------
     0 | D:1      | qw the Gargoyle Fighter began the quest for the Orb.
     0 | D:1      | Reached XP level 1. HP: 14/14 MP: 1/1
     0 | D:1      | 0 ||| qw: Version: 0.3-a-9-g12657ce
     0 | D:1      | 0 ||| qw: Game counter: 1193
     0 | D:1      | 0 ||| qw: Always use a shield: true
     0 | D:1      | 0 ||| qw: God list: Okawaru
     0 | D:1      | 0 ||| qw: Allow faded altars: false
     0 | D:1      | 0 ||| qw: Do Orc after D:15 true
     0 | D:1      | 0 ||| qw: Do second Lair branch before Depths: true
     0 | D:1      | 0 ||| qw: Lair rune preference: random
     0 | D:1      | 0 ||| qw: Plans: Normal, Zot:1-4, Slime:5, God:TSO, Crypt,
                  | Tomb, Abyss, Pan, Hells, Win
     0 | D:1      | 0 ||| PLANNING D:1-11
    31 | D:1      | 31 ||| Stepping ~*~*~tactically~*~*~ (hiding).
   155 | D:1      | Reached skill level 2 in Axes
   191 | D:1      | 191 ||| FLEEEEING.
   192 | D:1      | 192 ||| FLEEEEING.
   224 | D:1      | Reached XP level 2. HP: 19/19 MP: 2/2
   224 | D:1      | 224 ||| Stepping ~*~*~tactically~*~*~ (stealth).
   226 | D:1      | 226 ||| Stepping ~*~*~tactically~*~*~ (hiding).
   312 | D:1      | You fall into a shaft and drop 1 floor!
   418 | D:2      | 418 ||| DROPPING +0 club.
   481 | D:2      | Reached skill level 3 in Axes
   503 | D:2      | Reached XP level 3. HP: 22/23 MP: 3/3
   509 | D:2      | 509 ||| UPGRADING to +1 pair of gloves.
   514 | D:2      | 514 ||| READING 2 scrolls labelled EROVEUF JUDU.
   515 | D:2      | 515 ||| DRINKING 2 amethyst potions.
   516 | D:2      | 516 ||| DROPPING scroll of summoning.
   517 | D:2      | 517 ||| DROPPING potion of degeneration.
   519 | D:2      | 519 ||| FLEEEEING.
   520 | D:2      | 520 ||| FLEEEEING.
   521 | D:2      | 521 ||| FLEEEEING.
   563 | D:1      | Found a faded altar of an unknown god.
  1229 | D:1      | Reached XP level 4. HP: 28/28 MP: 4/4
  1447 | D:1      | 1447 ||| UPGRADING to ring of protection from fire.
  1448 | D:1      | 1448 ||| READING scroll labelled PUESMA INASH.
  1449 | D:1      | 1449 ||| READING scroll labelled PAOT VEUCEIRABB.
  1450 | D:1      | 1450 ||| READING scroll labelled GOTIPP NOCVUCH.
  1468 | D:1      | 1468 ||| DRINKING 2 bubbling purple potions.
  1706 | D:2      | Reached skill level 4 in Axes
  1739 | D:2      | 1739 ||| Stepping ~*~*~tactically~*~*~ (stealth).
  2164 | D:2      | 2164 ||| Stepping ~*~*~tactically~*~*~ (hiding).
  2422 | D:2      | 2422 ||| UPGRADING to +0 plate armour.
  2432 | D:2      | 2432 ||| DROPPING +0 scale mail.
  2433 | D:2      | 2433 ||| READING scroll labelled OJEEZX HESYONI.
  2434 | D:2      | 2434 ||| READING scroll labelled ERHEMI SIDEOD.
  2435 | D:2      | 2435 ||| READING scroll labelled JICLUVOCIUL.
  2635 | D:3      | 2635 ||| Stepping ~*~*~tactically~*~*~ (hiding).
  2647 | D:3      | Reached XP level 5. HP: 19/32 MP: 5/5
  2858 | D:3      | 2858 ||| Stepping ~*~*~tactically~*~*~ (stealth).
  2925 | D:3      | 2925 ||| Stepping ~*~*~tactically~*~*~ (stealth).
  2927 | D:3      | 2927 ||| Stepping ~*~*~tactically~*~*~ (hiding).
  3161 | D:3      | Reached skill level 5 in Axes
  3322 | D:3      | 3322 ||| UPGRADING to ring of positive energy.
  3323 | D:3      | 3323 ||| READING scroll labelled DACAUNTIPIR.
  3324 | D:3      | 3324 ||| DRINKING 2 purple potions.
  3325 | D:3      | 3325 ||| DRINKING 2 viscous silvery potions.
  3354 | D:4      | Noticed a black bear
  3359 | D:4      | Killed a black bear
  3360 | D:4      | Reached XP level 6. HP: 31/39 MP: 6/6
  3699 | D:4      | Noticed Natasha
  3700 | D:4      | 3700 ||| Stepping ~*~*~tactically~*~*~ (hiding).
  3709 | D:4      | Killed Natasha
  3808 | D:4      | Found a bloodstained altar of Trog.
  3809 | D:4      | 3809 ||| UPGRADING to +0 pair of boots.
  3820 | D:4      | 3820 ||| DRINKING 2 sedimented ruby potions.
  3991 | D:4      | Noticed Ijyb
  4001 | D:4      | Killed Ijyb
  4193 | D:4      | 4193 ||| READING scroll labelled TANATA CAMERA.
  4197 | D:4      | 4197 ||| DRINKING 2 smoky red potions.
  4198 | D:4      | 4198 ||| DROPPING potion of brilliance.
  4211 | D:5      | Entered Level 5 of the Dungeon
  4212 | D:5      | 4212 ||| PLANNING OSSUARY
  4220 | D:5      | Found a radiant altar of Vehumet.
  4220 | D:5      | Found a burning altar of Makhleb.
  4246 | D:5      | HP: 5/39 [orc priest/divine providence (10)]
  4247 | D:5      | 4247 ||| DRINKING potion of heal wounds.
  4257 | D:5      | Reached skill level 6 in Axes
  4257 | D:5      | Reached XP level 7. HP: 18/44 MP: 7/7
  4415 | D:5      | 4415 ||| Stepping ~*~*~tactically~*~*~ (hiding).
  4441 | D:5      | Found a sand-covered staircase.
  4455 | Ossuary  | Entered an ossuary
  4460 | Ossuary  | 4460 ||| Stepping ~*~*~tactically~*~*~ (water).
  4473 | Ossuary  | HP: 11/44 [hornet zombie (4)]
  4476 | Ossuary  | HP: 5/44 [centaur zombie (1)]
  4476 | Ossuary  | Slain by a hornet zombie

Levels and vault maps discovered:
D:1:      dpeg_arrival_short_road, layout_basic,
          chequers_ecumenical_altar_island, grunt_decor_cap
D:2:      minmay_spotlight, layout_basic
D:3:      layout_loops_ring
D:4:      layout_loops_ring, trog_hazing_becter, nicolae_zen_rock_garden,
          uniq_natasha, uniq_ijyb
D:5:      layout_basic, grunt_temple_overflow_lords_of_destruction,
          elyvilon_altar_1, enter_ossuary_2, patterned_corridor
Ossuary:  ossuary_zaba_flooded

Skill      XL: |  1  2  3  4  5  6  7 |
---------------+----------------------+-----
Axes           | 2 3 4 5 6 |  6.7
Fighting       | 4 |  4.6
Armour         | 4 |  4.0
Shields        | |  3.2

Action                     |  1- 3 |  4- 6 |  7- 9 || total
---------------------------+-------+-------+-------++-------
  Melee: War axe           |   101 |   196 |    30 ||   327
    Use: Scroll            |     1 |     8 |       ||     9
         Potion            |     1 |     6 |       ||     7
 Armour: Scale mail        |    57 |    28 |       ||    85
         Plate armour      |       |    99 |    68 ||   167
         Skin              |       |     8 |       ||     8
  Dodge: Dodged            |    34 |    50 |    24 ||   108
  Block: Buckler           |    10 |    25 |    16 ||    51

Table legend:
 A = Non-vault XP
 B = Vault XP
 C = Vault XP percentage of total XP
 D = Non-vault monster count
 E = Vault monster count
 F = Vault count percentage of total count
                 A         B        C        D         E       F
            +---------+---------+-------+---------+---------+-------
      Total |     600 |     331 |  35.6 |      88 |      17 |  16.2
            +---------+---------+-------+---------+---------+-------
        D:1 |      55 |       0 |   0.0 |      29 |       0 |   0.0
        D:2 |      83 |       4 |   4.6 |      23 |       2 |   8.0
        D:3 |      98 |       0 |   0.0 |      25 |       0 |   0.0
        D:4 |     174 |      80 |  31.5 |       4 |       7 |  63.6
        D:5 |     190 |      48 |  20.2 |       7 |       1 |  12.5
    Ossuary |       0 |     199 | 100.0 |       0 |       7 | 100.0
            +---------+---------+-------+---------+---------+-------
